 Dungeon Crawl Stone Soup version 0.26-a0-639-g72c4674329 (webtiles) character file.

Game seed: 13791320678863462027

63 Flugslaktarn the Covered (level 3, -4/34 HPs)
             Began as a Deep Dwarf Fighter on Sept 27, 2020.
             Slain by an ogre
             ... wielding a +0 giant spiked club
              (17 damage)
             ... on level 4 of the Dungeon.
             The game lasted 00:00:20 (539 turns).

Flugslaktarn the Covered (Deep Dwarf Fighter)        Turns: 539, Time: 00:00:21

Health: -4/34      AC:  7    Str: 20    XL:     3   Next: 87%
Magic:  3/3        EV:  7    Int:  8    God:
Gold:   38         SH:  9    Dex: 12    Spells: 2/2 levels left

rFire    . . .     SeeInvis .   a - +0 war axe
rCold    . . .     Faith    .   c - +0 kite shield
rNeg     . . .     Spirit   .   b - +0 scale mail
rPois    .         Reflect  .   (no helmet)
rElec    .         Harm     .   (no cloak)
rCorr    .         Rampage  .   (no gloves)
MR       .....                  (no boots)
Stlth    ..........             (no amulet)
HPRegen  0.00/turn              (no ring)
MPRegen  0.08/turn              (no ring)

@: non-regenerating
A: damage resistance, heal wounds, sense surroundings 1, no regeneration
a: Heal Wounds


You were on level 4 of the Dungeon.
You visited 1 branch of the dungeon, and saw 4 of its levels.

You collected 38 gold pieces.

Inventory:

Hand Weapons
 a - a +0 war axe (weapon)
Armour
 b - a +0 scale mail (worn)
 c - a +0 kite shield (worn)
Jewellery
 m - an uncursed ring of ice {unknown}
   (You found it on level 4 of the Dungeon)
Scrolls
 f - a scroll of enchant weapon {unknown}
 g - a scroll of identify {unknown}
 i - a scroll of amnesia {unknown}
 j - a scroll of blinking {unknown}
 l - a scroll of fear {unknown}
Potions
 d - a potion of might
 e - 2 potions of curing {unknown}
 h - a potion of invisibility {unknown}
 k - a potion of lignification {unknown}
 n - a potion of stabbing {unknown}


   Skills:
 * Level 3.3 Fighting
 * Level 3.2 Axes
 + Level 3.7 Armour
 + Level 3.6 Shields


You had 2 spell levels left.
You didn't know any spells.
Your spell library was empty.

Dungeon Overview and Level Annotations

Branches:
Dungeon (4/15)
 Temple: D:4-7

Altars:
Dithmenos
Ru


Innate Abilities, Weirdness & Mutations

You are resistant to damage.
You can heal yourself by infusing magical energy.
You passively map a small area around you.
You do not regenerate.


Message History

No target in view!
An ogre comes into view. It is wielding a +0 giant spiked club.
The ogre shouts!
An ogre is nearby!
An ogre is nearby!
You hit the ogre.
The ogre is lightly wounded.
The ogre hits you with a +0 giant spiked club!!
Ouch! That really hurt!
You hit the ogre.
The ogre is lightly wounded.
You block the ogre's attack.
You hit the ogre.
The ogre is moderately wounded.
The ogre completely misses you.
You hit the ogre.
The ogre is moderately wounded.
The ogre hits you with a +0 giant spiked club!!
Ouch! That really hurt!
You die...

*...###.##.##.#...####......
* ..##.##.##.##..# ##..... *
#.##.##.##.###.# ##....
#.####.##.##.....,..# ##...
#.........#####.# ### ##+#
######<#### #.# #.# #.#
###.##### #####.# * * #.#
#.......# #...... ,, #.#
#@#.###.# #.##... #.#
#O#.###.## #†#.... * #.#
#.#.##...# #...... , ..#
#.#....#.###...... , ###
#.####............ ,
#.#####.####.#.... ,
#.......# #...... *
######### #######


You could see an ogre.

Vanquished Creatures
  A howler monkey skeleton (D:4)
  2 adders
  A leopard gecko (D:4)
  An orc (D:4)
  A bat (D:1)
  2 giant cockroaches
  4 goblins
  3 hobgoblins
  11 jackals
  A kobold (D:3)
  A rat (D:3)
28 creatures vanquished.

Notes
Turn   | Place    | Note
-------+----------+-------------------------------------------
     0 | D:1      | Flugslaktarn the Deep Dwarf Fighter began the quest for the
                  | Orb.
     0 | D:1      | Reached XP level 1. HP: 20/20 MP: 1/1
    48 | D:1      | Reached XP level 2. HP: 22/27 MP: 2/2
   187 | D:3      | Found a shadowy altar of Dithmenos.
   282 | D:3      | Reached XP level 3. HP: 34/34 MP: 3/3
   357 | D:4      | Found a sacrificial altar of Ru.
   534 | D:4      | Noticed an ogre
   539 | D:4      | Slain by an ogre

Illustrated notes

Levels and vault maps discovered:
D:1:      minmay_arrival_radiant_lines, layout_basic, minmay_pentomino_x4
D:2:      layout_basic, chequers_temple_overflow_statue_of_worship,
          old_standard_altar, corexii_item_surrounded_by_moat, uniq_natasha
D:3:      layout_basic, nicolae_dithmenos_through_a_glass_darkly
D:4:      layout_loops_corners, tso_oasis_becter, nicolae_ru_path_of_blood,
          corner_web_ring, yredelemnul_altar_generic

Skill      XL: |  1  2  3 |
---------------+----------+-----
Fighting       | 3 |  3.3
Axes           | 3 |  3.2
Armour         | |  3.7
Shields        | |  3.6

Action                   || total
-------------------------++-------
Melee: War axe           ||    98
 Abil: Heal Wounds       ||     1
Armor: Scale mail        ||    62
Dodge: Dodged            ||    41
Block: Kite shield       ||    65

Table legend: (Time is in decaauts)
 A = Elapsed time spent in this place.
 B = Non-inter-level travel time spent in this place.
 C = Inter-level travel time spent in this place.
 D = Time resting spent in this place.
 E = Time spent auto-exploring this place.
 F = Levels seen in this place.
 G = Mean time per level.
                   A        B        C        D        E       F      G
               +--------+--------+--------+--------+--------+-----+--------+
         Total |    583 |    539 |     44 |      0 |    344 |   4 |  145.8 |
       Dungeon |    583 |    539 |     44 |      0 |    344 |   4 |  145.8 |
               +--------+--------+--------+--------+--------+-----+--------+

Top non-repeatable levels by time:
     D:4: 254 daAuts
     D:3: 167 daAuts
     D:1: 106 daAuts
     D:2: 54 daAuts
